 Dungeon Crawl Stone Soup version 0.27.1-34-g3ba077fa99 (webtiles) character file.

Game seed: 8206647313498391488

8467 belegose the Blocker (level 11, -12/99 (101) HPs)
             Began as a Troll Earth Elementalist on Jan 10, 2022.
             Was an Initiate of Ashenzari.
             Mangled by a reaper (25 damage)
             ... summoned by a dread lich
             ... on level 2 of the Abyss.
             The game lasted 00:33:57 (10452 turns).

belegose the Blocker (Troll Earth Elementalist)    Turns: 10452, Time: 00:33:58

HP:   -12/99 (101)  AC: 14    Str: 20    XL:     11   Next: 10%
MP:   11/11         EV:  8    Int: 12    God:    Ashenzari [......]
Gold: 509           SH: 10    Dex: 10    Spells: 11/12 levels left

rFire    . . .     SeeInvis .   a - +1 whip (elec)
rCold    . . .     Faith    .   G - +0 kite shield
rNeg     . . .     Spirit   .   O - +0 swamp dragon scales
rPois    +         Reflect  .   o - +0 hat
rElec    .         Harm     .   y - +0 cloak
rCorr    .         Rampage  .   (gloves unavailable)
Will     .....                  (boots unavailable)
Stlth    +.........             (no amulet)
HPRegen  1.26/turn              h - ring of poison resistance
MPRegen  0.12/turn              S - +4 ring of protection

@: about to teleport, lightly drained
A: large, unfitting armour, claws 3, regeneration 1, shaggy fur 1, tough skin 1
a: Renounce Religion


You were on level 2 of the Abyss.
You worshipped Ashenzari.
Ashenzari was noncommittal.
You visited 2 branches of the dungeon, and saw 11 of its levels.
You visited the Abyss 1 time.
You also visited: Bailey.

You collected 601 gold pieces.
You spent 92 gold pieces at shops.

Inventory:

Hand Weapons
 a - a +1 whip of electrocution (weapon)
 b - the +3 whip of Joyful Slaughter {vorpal, rPois Str+2}
   (You found it on level 4 of the Dungeon)

   It inflicts extra damage upon your enemies.
   Str:       It affects your strength (+2).
   rPois:     It protects you from poison.
 w - a +1 dagger of venom
Missiles
 c - 440 stones
 r - 52 poisoned darts
 t - a throwing net
 x - 4 javelins
 A - 2 curare-tipped darts (quivered)
 L - 20 boomerangs
Armour
 o - a +0 hat (worn)
 y - a +0 cloak (worn)
 B - a scarf of invisibility
 G - a +0 kite shield (worn)
 K - a +2 robe of willpower
 O - +0 swamp dragon scales (worn)
Magical Staves
 v - a staff of cold
 I - a staff of poison
Jewellery
 h - a ring of poison resistance (left claw)
 Q - a ring of see invisible
 S - a +4 ring of protection (right claw)
Wands
 m - a wand of digging (6)
 E - a wand of flame (2)
Scrolls
 d - a scroll of magic mapping
 f - 5 scrolls of identify
 j - a scroll of teleportation
 k - 2 scrolls of holy word
 l - a scroll of vulnerability
 p - a scroll of fear
 u - a scroll of blinking
 D - a scroll of enchant weapon
 F - 4 scrolls of enchant armour
 H - 2 scrolls of amnesia
 M - a scroll of brand weapon
 P - 4 scrolls of noise
Potions
 e - a potion of berserk rage
 g - 3 potions of heal wounds
 i - 3 potions of resistance
 n - a potion of attraction
 q - 5 potions of curing
 s - 5 potions of mutation
 z - a potion of might
 C - 3 potions of degeneration
 J - 2 potions of haste
 N - 2 potions of flight
Miscellaneous
 R - a box of beasts


   Skills:
 - Level 4.5 Fighting
 - Level 5.7(6.6) Maces & Flails
 - Level 4.4(5.6) Staves
 - Level 5.1 Throwing
 - Level 1.5 Dodging
 - Level 1.0 Stealth
 + Level 8.1 Shields
 - Level 1.2 Spellcasting
 - Level 0.6 Transmutations
 - Level 2.6 Earth Magic
 + Level 6.2 Evocations


You had 11 spell levels left.
You knew the following spells:

 Your Spells              Type           Power      Damage    Failure   Level
a - Sandblast             Erth           14%        2d6       21%         1

Your spell library contained the following spells:

 Spells                   Type           Power      Damage    Failure   Level
 Passwall                 Tmut/Erth      3%         N/A       43%         2
 Foxfire                  Conj/Fire      0%         2x1d4     52%         1
 Summon Small Mammal      Summ           0%         N/A       52%         1
 Wereblood                Tmut           2%         N/A       58%         2
 Static Discharge         Conj/Air       0%         N/A       67%         2
 Sublimation of Blood     Necr           0%         N/A       67%         2
 Stone Arrow              Conj/Erth      6%         3d7       71%         3
 Call Canine Familiar     Summ           0%         N/A       88%         3
 Conjure Flame            Conj/Fire      0%         6-21      88%         3
 Inner Flame              Hex/Fire       0%         N/A       88%         3
 Summon Guardian Golem    Hex/Summ       0%         N/A       88%         3
 Petrify                  Tmut/Erth      4%         N/A       97%         4
 Irradiate                Conj/Tmut      0%         3d13      100%        5
 Lightning Bolt           Conj/Air       0%         1d11      100%        5
 Summon Forest            Summ/Tloc      0%         N/A       100%        5
 Summon Mana Viper        Hex/Summ       0%         N/A       100%        5
 Shadow Creatures         Summ           N/A        N/A       100%        6
 Orb of Destruction       Conj           0%         N/A       100%        7
 Spellforged Servitor     Conj/Summ      0%         N/A       100%        7
 Summon Hydra             Summ           0%         N/A       100%        7
 Maxwell's Capacitive Co  Air            0%         ∞         100%        8


Dungeon Overview and Level Annotations

Branches:
Dungeon (10/15)            Temple (1/1) D:4            Lair (0/6) D:9
 Bailey (visited)
    Orc: D:9-12

Altars:
Ashenzari
Cheibriados
Dithmenos
Elyvilon
Fedhas
Gozag
Hepliaklqana
Kikubaaqudgha
Makhleb
Nemelex Xobeh
Okawaru
Qazlal
Ru
Sif Muna
Trog
Uskayaw
Vehumet
Wu Jian
Xom
Yredelemnul
Zin
The Shining One
Beogh
Lugonu

Shops:
D:2 [

Annotations:
D:10 Sonja


Innate Abilities, Weirdness & Mutations

You are too large for most types of armour.
You have claws for hands.
Your natural rate of healing is unusually fast.
You are covered in fur. (AC +1)
You have tough skin. (AC +1)


Message History

The Hell Sentinel hits you!
The Hell Sentinel hits you but does no damage.
Something touches you!
The reaper hits you from afar with a +1 scythe of pain!
Something touches you!
The ynoxinul gestures.
The Hell Sentinel hits you but does no damage.
The Hell Sentinel hits you!
* * * LOW HITPOINT WARNING * * *
You can move again.
Unknown command.
Unknown command.
Unknown command.
Unknown command.
Unknown command.
Unknown command.
Unknown command.
As you read the scroll of teleportation, it crumbles to dust.
You feel strangely unstable.
You feel the power of the Abyss delaying your translocation!
Something touches you but does no damage.
You block the reaper's attack. The iron imp barely misses you.
The Hell Sentinel hits you!
* * * LOW HITPOINT WARNING * * *
The Hell Sentinel hits you.
* * * LOW HITPOINT WARNING * * *
The ynoxinul gestures.
Something touches you but does no damage.
Unknown command.
Unknown command.
Unknown command.
Unknown command.
Unknown command.
Unknown command.
Unknown command.
Unknown command.
You hit the iron imp.
The iron imp is moderately wounded.
The reaper hits you from afar with a +1 scythe of pain!!
You die...

##.. #.#.
#.# ##. ##..
.#. . . #.
....# .(
#.#.#§ .#
#.# #.#.##
§#.. .
#.....§3#. #
..#..X##.###
...#.#{##55#
#..21@53##
...##2###5#
. # . 5. #
.... ##...
.# .# .


You could see a Hell Sentinel (summoned), 2 reapers, a large abomination, a
ynoxinul, an iron imp and 4 ufetubi.

Vanquished Creatures
  A fire dragon (D:9)
  A two-headed ogre (D:9)
  Pikel (D:4)
  Joseph (D:10)
  Maggie (D:8)
  Psyche (D:10)
  Grinder (D:3)
  A hornet (D:8)
  Sigmund (D:5)
  A vampire (D:9)
  A wyvern (D:9)
  2 vampire mosquitoes (D:10)
  A steam dragon (D:9)
  An acid dragon (D:10)
  10 orc warriors
  A water moccasin (D:6)
  A hornet zombie (D:8)
  2 ice beasts
  A black bear (D:5)
  3 ogres
  A necrophage (D:4)
  2 phantoms
  4 centaurs
  5 bullfrogs
  4 kobold brigands
  2 scorpions
  2 wyvern zombies (D:6)
  2 gnoll sergeants
  A water moccasin zombie (D:5)
  A vampire bat (D:3)
  A howler monkey (D:9)
  A centaur zombie (D:5)
  3 hounds
  A gnoll shaman (D:5)
  7 orc priests
  3 jellies
  2 iguanas
  A bullfrog skeleton (D:5)
  Ijyb (D:3)
  A scorpion zombie (D:5)
  6 orc wizards
  2 killer bee zombies
  4 howler monkey zombies
  19 gnolls
  6 adders
  2 white imps
  2 worms (D:3)
  2 dart slugs
  54 orcs
  4 ball pythons
  4 bat skeletons (D:3)
  2 bat zombies (D:3)
  4 endoplasms
  5 giant cockroaches
  9 goblins
  6 hobgoblins
  A jackal (D:5)
  3 quokkas
  3 bats
  6 frilled lizards
  27 kobolds
  5 rats
254 creatures vanquished.

Vanquished Creatures (others)
  An orc wizard (D:9)
  An orc (D:9)
2 creatures vanquished.

Grand Total: 256 creatures vanquished

Notes
Turn   | Place    | Note
-------+----------+-------------------------------------------
     0 | D:1      | belegose the Troll Earth Elementalist began the quest for
                  | the Orb.
     0 | D:1      | Reached XP level 1. HP: 16/16 MP: 1/1
   299 | D:1      | Found a faded altar of an unknown god.
   399 | D:1      | Reached XP level 2. HP: 26/26 MP: 2/2
   613 | D:1      | Reached skill level 1 in Throwing
  1220 | D:2      | Found a blossoming altar of Fedhas.
  1287 | D:2      | Found Xypt's Antique Armour Emporium.
  1413 | D:2      | Reached skill level 1 in Fighting
  1493 | D:2      | Reached skill level 1 in Staves
  1804 | D:3      | Reached XP level 3. HP: 25/33 MP: 3/3
  1872 | D:3      | Found a snail-covered altar of Cheibriados.
  1899 | D:3      | Noticed Grinder
  1976 | D:3      | Noticed Ijyb
  2017 | D:3      | Killed Ijyb
  2026 | D:3      | Reached XP level 4. HP: 34/41 MP: 4/4
  2137 | D:3      | Paralysed by Grinder for 7 turns
  2203 | D:3      | Paralysed by Grinder for 4 turns
  2226 | D:3      | Killed Grinder
  2227 | D:3      | Reached XP level 5. HP: 34/50 MP: 5/5
  2227 | D:3      | Reached XP level 6. HP: 40/59 MP: 6/6
  2468 | D:3      | Found an ancient bone altar of Kikubaaqudgha.
  2806 | D:3      | Found a blossoming altar of Fedhas.
  3232 | D:4      | Identified the +3 whip of Joyful Slaughter {vorpal, rPois
                  | Str+2}
  3314 | D:4      | Reached XP level 7. HP: 65/67 MP: 7/7
  3495 | D:4      | Found a staircase to the Ecumenical Temple.
  3504 | Temple   | Entered the Ecumenical Temple
  3602 | D:5      | Entered Level 5 of the Dungeon
  3766 | D:5      | Noticed Pikel
  3854 | D:4      | Killed Pikel
  3855 | D:4      | Reached XP level 8. HP: 77/79 MP: 8/8
  3904 | D:5      | Reached skill level 5 in Throwing
  3929 | D:5      | Reached skill level 1 in Maces & Flails
  4027 | D:5      | Reached skill level 1 in Shields
  4085 | D:5      | Reached skill level 2 in Shields
  4495 | D:4      | Reached skill level 3 in Shields
  4970 | D:5      | Reached XP level 9. HP: 85/85 MP: 9/9
  5011 | D:5      | Noticed Sigmund
  5022 | D:5      | Killed Sigmund
  5210 | D:5      | Found a bloodstained altar of Trog.
  5267 | D:6      | Reached skill level 4 in Shields
  5454 | D:6      | Reached skill level 5 in Maces & Flails
  5483 | D:5      | Reached skill level 1 in Evocations
  5501 | D:6      | Found an iron altar of Okawaru.
  5739 | D:6      | Found a white marble altar of Elyvilon.
  5739 | D:6      | Found a glowing silver altar of Zin.
  5740 | D:6      | Found a radiant altar of Vehumet.
  6267 | D:2      | Bought a runed robe for 92 gold pieces
  6675 | D:7      | Reached skill level 5 in Shields
  6990 | D:7      | Found a hide-covered altar of Uskayaw.
  7193 | D:7      | Found an opulent altar of Gozag.
  7527 | D:7      | Reached XP level 10. HP: 81/94 MP: 10/10
  7839 | D:8      | Reached skill level 6 in Shields
  7903 | D:8      | Noticed Maggie
  7916 | D:8      | Killed Maggie
  8312 | D:8      | Found a shimmering blue altar of Sif Muna.
  8606 | D:9      | Found a burning altar of Makhleb.
  8606 | D:9      | Found a shadowy altar of Dithmenos.
  8731 | D:9      | Found a flagged portal.
  8753 | D:9      | Noticed a fire dragon
  8907 | Bailey   | Entered a bailey
  8978 | D:9      | Killed a fire dragon
  8979 | D:9      | Reached skill level 7 in Shields
  8979 | D:9      | Reached skill level 5 in Evocations
  9047 | D:9      | Found a staircase to the Lair.
  9078 | D:9      | Found a shimmering altar of Xom.
  9107 | D:9      | Noticed a two-headed ogre
  9281 | D:9      | Killed a two-headed ogre
  9832 | D:9      | Found a stormy altar of Qazlal.
  9857 | D:10     | Entered Level 10 of the Dungeon
  9985 | D:10     | Noticed Psyche
  9997 | D:10     | Killed Psyche
 10015 | D:10     | Reached XP level 11. HP: 95/101 MP: 11/11
 10029 | D:10     | Noticed Joseph
 10080 | D:10     | Killed Joseph
 10081 | D:10     | Reached skill level 8 in Shields
 10311 | D:10     | Found a broken altar of Ashenzari.
 10331 | D:10     | Became a worshipper of Ashenzari the Shackled
 10365 | D:10     | Noticed Sonja
 10391 | D:10     | Cast into level 2 of the Abyss (Sonja)
 10436 | Abyss:2  | Noticed a dread lich
 10436 | Abyss:2  | Paralysed by a dread lich for 5 turns
 10440 | Abyss:2  | Noticed a reaper
 10444 | Abyss:2  | Paralysed by a dread lich for 6 turns
 10447 | Abyss:2  | Noticed a Hell Sentinel
 10448 | Abyss:2  | Noticed a reaper
 10452 | Abyss:2  | Mangled by a reaper

Illustrated notes

Levels and vault maps discovered:
D:1:      evilmike_arrival_crescent, layout_basic,
          hellmonk_ecumenical_altar_blasted
D:2:      layout_loops_ring, basic_altar, serial_shops,
          nicolae_shop_behind_doors
D:3:      layout_loops_ring, lemuel_round_altar, kennysheep_vampire_church,
          fedhas_altar_4, minmay_goblin_outpost, uniq_ijyb, uniq_grinder
D:4:      layout_cave_pools, temple_hall
D:5:      cheibrodos_fzero, layout_loops_ring, nicolae_overflow_hidden_temple,
          uniq_pikel, uniq_sigmund
D:6:      layout_rooms, okawaru_metal_pillars_1_2,
          gammafunk_temple_overflow_claw, minmay_hedge_maze, sigmund_army
D:7:      layout_loops_cross, grunt_gozag_statues, nicolae_uskayaw_dance_studio,
          st_stairs_3
D:8:      layout_basic, led_sif_pool, special_room [special_room_orc],
          grunt_decor_arrowhead, minmay_between, uniq_maggie
D:9:      layout_irregular_city, kennysheep_little_box, general_overflow_altar,
          gammafunk_temple_overflow_elements, minmay_lair_entry_lava,
          enter_bailey_3
D:10:     layout_basic, mainiacjoe_overflow_paths, hiddenorc2_lemuel,
          uniq_psyche, uniq_joseph, uniq_sonja
Temple:   corrupted_temple
Abyss:2:  base: D:6, due_exit_kobolds

Skill      XL: |  1  2  3  4  5  6  7  8  9 10 11 |
---------------+----------------------------------+-----
Throwing       | 1 2 3 4 5 |  5.1
Fighting       | 1 2 3 4 |  4.5
Staves         | 1 2 3 4 |  4.4
Maces & Flails | 4 5 |  5.7
Shields        | 3 5 7 8 |  8.1
Evocations     | 3 5 6 |  6.2
Dodging        | |  1.5
Stealth        | |  1.0
Spellcasting   | |  1.2
Transmutations | |  0.6
Earth Magic    | |  2.6

Action                   |  1- 3 |  4- 6 |  7- 9 | 10-12 || total
-------------------------+-------+-------+-------+-------++-------
Melee: Quarterstaff      |    94 |   100 |    57 |       ||   251
       Whip              |       |       |   414 |   395 ||   809
Throw: Dart              |       |       |    10 |    22 ||    32
       Stone             |       |       |    10 |       ||    10
 Cast: Sandblast         |       |       |     2 |       ||     2
Evoke: Wand              |       |     4 |       |       ||     4
  Use: Potion            |       |       |       |     3 ||     3
       Scroll            |       |       |       |     1 ||     1
 Stab: Sleeping          |     3 |       |       |       ||     3
Armor: Robe              |    36 |    56 |   105 |    29 ||   226
       Swamp dragon scal |       |       |       |   103 ||   103
       Skin              |       |       |       |    10 ||    10
Dodge: Dodged            |    47 |    92 |   147 |   111 ||   397
Block: Kite shield       |       |       |   193 |   219 ||   412
